 Dungeon Crawl Stone Soup version 0.28.0-53-g5a82cb258f (webtiles) character file.

Game seed: 12055106328191653315

1717 bnorton916 the Thaumaturge (level 8, 0/36 (41) HPs)
             Began as a Deep Elf Fire Elementalist on June 13, 2022.
             Was an Initiate of Gozag.
             Slain by a wight
             ... wielding a +1 hand axe
              (3 damage)
             ... on level 6 of the Dungeon.
             The game lasted 00:14:16 (14385 turns).

bnorton916 the Thaumaturge (DEFE)                  Turns: 14385, Time: 00:14:18

HP:   0/36 (41)     AC:  6    Str:  5    XL:     8   Next: 74%
MP:   17/22         EV: 12    Int: 23    God:    Gozag
Gold: 345           SH:  0    Dex: 15    Spells: 8/23 levels left

rFire   . . .      SeeInvis .   m - +1 dagger (drain)
rCold   . . .      Faith    .   (no shield)
rNeg    + . .      Spirit   .   a - +0 robe
rPois   .          Reflect  .   (no helmet)
rElec   .          Harm     .   x - +0 cloak
rCorr   .          Rampage  .   v - +2 pair of gloves
Will    +....                   (no boots)
Stlth   ++........              (no amulet)
HPRegen 0.12/turn               g - ring of willpower
MPRegen 0.18/turn               w - ring of positive energy

@: very slightly contaminated, heavily drained
A: no striking features
a: Renounce Religion, Potion Petition, Call Merchant, Bribe Branch


You were on level 6 of the Dungeon.
You worshipped Gozag.
Gozag was aware of your devotion.
You visited 2 branches of the dungeon, and saw 7 of its levels.

You collected 452 gold pieces.
You paid 107 gold pieces to Gozag.

Inventory:

Hand Weapons
 m - a +1 dagger of draining (weapon)
 B - a +0 dagger of venom
Missiles
 d - 137 stones
 o - 4 boomerangs
 z - a throwing net
Armour
 a - a +0 robe (worn)
 v - a +2 pair of gloves (worn)
 x - a +0 cloak (worn)
Magical Staves
 D - a staff of death
Jewellery
 g - a ring of willpower (left hand)
 w - a ring of positive energy (right hand)
Wands
 p - a wand of polymorph (9)
 A - a wand of acid (7)
Scrolls
 b - a scroll of silence
 e - 2 scrolls of fog
 i - 9 scrolls of teleportation
 r - a scroll of immolation
 y - a scroll of vulnerability
 C - a scroll of identify
Potions
 c - a potion of haste
 f - a potion of mutation {unknown}
 h - a potion of degeneration {unknown}
 j - 2 potions of resistance
 k - a potion of curing {unknown}
 l - a potion of lignification {unknown}
 n - a potion of flight {unknown}
 q - a potion of attraction
 s - a potion of invisibility {unknown}
 t - 2 potions of heal wounds
 u - a potion of ambrosia {unknown}


   Skills:
 - Level 2.4 Dodging
 - Level 2.4 Stealth
 + Level 8.4 Spellcasting
 + Level 6.5 Conjurations
 + Level 3.0 Transmutations
 + Level 7.3 Fire Magic
 - Level 3.0 Poison Magic


You had 8 spell levels left.
You knew the following spells:

 Your Spells              Type           Power      Damage    Failure   Level
a - Foxfire               Conj/Fire      100%       2x1d9     1%          1
b - Scorch                Fire           86%        2d9       1%          2
c - Conjure Flame         Conj/Fire      41%        6-21      1%          3
d - Flame Wave            Conj/Fire      41%        2d9       3%          4
e - Passwall              Tmut/Erth      13%        N/A       5%          2
f - Spider Form           Tmut/Pois      23%        N/A       6%          3

Your spell library contained the following spells:

 Spells                   Type           Power      Damage    Failure   Level
 Beastly Appendage        Tmut           46%        N/A       1%          1
 Wereblood                Tmut           23%        N/A       3%          2
 Inner Flame              Hex/Fire       26%        N/A       4%          3
 Poisonous Vapours        Pois/Air       32%        N/A       5%          2
 Stone Arrow              Conj/Erth      48%        3d10      5%          3
 Sandblast                Erth           18%        2d7       7%          1
 Summon Small Mammal      Summ           36%        N/A       7%          1
 Corpse Rot               Necr/Air       18%        N/A       10%         2
 Ensorcelled Hibernation  Hex/Ice        18%        N/A       10%         2
 Call Canine Familiar     Summ           9%         N/A       21%         3
 Summon Guardian Golem    Hex/Summ       9%         N/A       21%         3
 Swiftness                Air            9%         N/A       21%         3


Dungeon Overview and Level Annotations

Branches:
Dungeon (6/15)             Temple (1/1) D:5

Altars:
Ashenzari
Cheibriados
Dithmenos
Elyvilon
Fedhas
Gozag
Kikubaaqudgha
Makhleb
Nemelex Xobeh
Okawaru
Qazlal
Ru
Sif Muna
Trog
Uskayaw
Vehumet
Wu Jian
Xom
Zin
The Shining One

Shops:
D:3 (   D:6 =

Annotations:
D:4 2 transporters, Chani's ghost, amateur MiFi


Message History

A wight comes into view. It is wielding a +1 hand axe.
Casting: Foxfire (safe; 1% risk of failure)
Confirm with . or Enter, or press ? or * to list all spells.
Flames lash the wight.
The wight is moderately damaged.
The wight's fire resistance burns away.
The wight barely misses you. The wight hits you with a +1 hand axe!
Casting: Scorch (safe; 1% risk of failure)
Confirm with . or Enter, or press ? or * to list all spells.
Flames lash the wight.
The wight is moderately damaged.
The wight hits you with a +1 hand axe. You partially resist.
You feel drained. The wight hits you with a +1 hand axe! You partially resist.
You feel drained.
The wight is no longer more vulnerable to fire.
Items here: )) [[.
Casting: Scorch (safe; 1% risk of failure)
Confirm with . or Enter, or press ? or * to list all spells.
Aiming: Passwall (safe; 5% risk of failure)
Press: ? - help, Dir - move target A rock wall.
You miscast Passwall.
You are very lightly contaminated with residual magic.
Nothing appears to happen.
The wight hits you with a +1 hand axe!
* * * LOW HITPOINT WARNING * * *
Casting: Passwall (safe; 5% risk of failure)
Confirm with . or Enter, or press ? or * to list all spells.
Aiming: Passwall (safe; 5% risk of failure)
Press: ? - help, Dir - move target A rock wall.
The wight hits you with a +1 hand axe.
* * * LOW HITPOINT WARNING * * *
You partially resist.
You feel drained.
You begin to meditate on the wall.
You continue meditating on the rock.
The wight hits you with a +1 hand axe.
* * * LOW HITPOINT WARNING * * *
You partially resist.
You feel drained.
You continue meditating on the rock.
The wight hits you with a +1 hand axe.
You die...
Your body crumbles into a pile of gold.

#.# #.# #.# #.# ### #.#########
###.############.#........
########..............#.#.#######
......##.....#><###......#.# ..
#.#........z@...#.....## #z
#.##.....#..#####....## #.
#.##....##..#####.#.## #z
#.)...............#.# #.
#..#.).....########.#
##.##..###.###.# ##+## .......#
#.# #.# ##...## ##.###.# #.###.#
##.....## # #. #.###.##..##
##.......## ##


You could see a wight.

Vanquished Creatures
  Menkaure (D:4)
  Duvessa (D:4)
  A sky beast (D:6)
  A black bear (D:4)
  2 necrophages
  A centaur (D:4)
  A phantom (D:6)
  A gnoll sergeant (D:5)
  A scorpion (D:4)
  Dowan (D:4)
  2 wights (D:6)
  An orc priest (D:5)
  6 hounds
  An iguana (D:5)
  Crazy Yiuf (D:4)
  Jessica (D:3)
  A bullfrog skeleton (D:5)
  Ijyb (D:3)
  Natasha (thrice) (D:3)
  Terence (D:3)
  An orc wizard (D:5)
  A killer bee zombie (D:5)
  7 gnolls
  8 adders
  2 ufetubi
  4 dart slugs
  21 orcs
  7 bats
  7 endoplasms
  2 giant cockroaches (D:1)
  5 goblins
  7 hobgoblins
  6 kobolds
  4 quokkas
  7 ball pythons
  2 frilled lizards
  A rat (D:2)
121 creatures vanquished.

Vanquished Creatures (others)
  A water moccasin skeleton (D:5)
  2 gnolls (D:5)
  425 foxfires
  2 plants (D:4)
430 creatures vanquished.

Grand Total: 551 creatures vanquished

Notes
Turn   | Place    | Note
-------+----------+-------------------------------------------
     0 | D:1      | bnorton916 the Deep Elf Fire Elementalist began the quest
                  | for the Orb.
     0 | D:1      | Reached XP level 1. HP: 10/10 MP: 6/6
   213 | D:1      | Reached XP level 2. HP: 15/15 MP: 5/8
  1781 | D:1      | Reached XP level 3. HP: 19/19 MP: 7/10
  2777 | D:2      | Reached skill level 4 in Spellcasting
  2888 | D:2      | Learned a level 2 spell: Scorch
  2892 | D:2      | Learned a level 3 spell: Conjure Flame
  3033 | D:2      | Found a faded altar of an unknown god.
  3054 | D:3      | Found Fotethuz's Weapon Shoppe.
  3117 | D:3      | Noticed Natasha
  3125 | D:3      | Killed Natasha
  3126 | D:3      | Reached XP level 4. HP: 24/24 MP: 9/12
  3353 | D:3      | Noticed Natasha
  3360 | D:3      | Killed Natasha
  3757 | D:3      | Noticed Natasha
  3774 | D:3      | Killed Natasha
  3775 | D:3      | Reached XP level 5. HP: 22/28 MP: 11/14
  3841 | D:3      | Noticed Terence
  4202 | D:3      | Noticed Ijyb
  4254 | D:3      | Killed Ijyb
  4255 | D:3      | Reached skill level 5 in Spellcasting
  5102 | D:3      | Noticed Jessica
  5108 | D:3      | Killed Jessica
  5234 | D:3      | Killed Terence
  5774 | D:4      | Reached skill level 5 in Fire Magic
  5774 | D:4      | Reached XP level 6. HP: 32/32 MP: 8/16
  6345 | D:4      | Noticed Dowan
  6373 | D:4      | Learned a level 4 spell: Flame Wave
  6376 | D:4      | Learned a level 2 spell: Passwall
  6377 | D:4      | Found a glowing silver altar of Zin.
  6457 | D:4      | Found a transporter.
  6462 | D:4      | Noticed Chani's ghost (amateur MiFi)
  6476 | D:4      | Found a transporter.
  6588 | D:4      | Noticed Duvessa
  6605 | D:4      | Killed Duvessa
  6606 | D:4      | Reached skill level 6 in Spellcasting
  6606 | D:4      | Reached skill level 1 in Transmutations
  7073 | D:4      | Noticed Menkaure
  7500 | D:4      | Killed Menkaure
  7501 | D:4      | Reached XP level 7. HP: 6/36 MP: 11/18
  7863 | D:4      | Found an iron altar of Okawaru.
  8314 | D:4      | Found a runed translucent door.
  8315 | D:4      | Noticed Crazy Yiuf
  8325 | D:4      | Killed Crazy Yiuf
  9054 | D:4      | Reached skill level 5 in Conjurations
  9253 | D:5      | Entered Level 5 of the Dungeon
  9615 | D:4      | Killed Dowan
 10081 | D:5      | Reached skill level 7 in Spellcasting
 11442 | D:5      | Reached XP level 8. HP: 41/41 MP: 14/21
 11446 | D:5      | Learned a level 3 spell: Spider Form
 12319 | D:5      | Reached skill level 1 in Poison Magic
 12336 | D:5      | Found a staircase to the Ecumenical Temple.
 12345 | Temple   | Entered the Ecumenical Temple
 12477 | Temple   | Became a worshipper of Gozag Ym Sagoz the Greedy
 13481 | D:6      | Reached skill level 8 in Spellcasting
 13804 | D:6      | Found Oteonunorgh's Jewellery Shoppe.
 14385 | D:6      | Slain by a wight

Illustrated notes

Levels and vault maps discovered:
D:1:      scummos_arrival_gate, layout_basic
D:2:      layout_basic, hellmonk_ecumenical_altar_inner_sanctum
D:3:      layout_basic, serial_shops, shop_statue, kennysheep_jessica_study,
          uniq_terence, uniq_ijyb, uniq_natasha
D:4:      layout_cave_pods, mainiacjoe_overflow_paths,
          mainiacjoe_overflow_alcove_4, gammafunk_ghost_stat_death,
          serial_rivers, chequers_serial_rivers_small_a,
          chequers_serial_rivers_micro_c, chequers_serial_rivers_small_3,
          chequers_serial_rivers_micro_e, chequers_serial_rivers_room_a,
          chequers_serial_rivers_large_a, solitary_fountain,
          minmay_three_crescents, uniq_menkaure, uniq_duvessa,
          uniq_crazy_yiuf_cottage
D:5:      minmay_general_purpose_star, layout_basic, minmay_temple_entry_hall,
          lemuel_flamethrower_2
D:6:      layout_loops_corners, serial_shops, kennysheep_mini
Temple:   regret_index_temple_mists

Skill      XL: |  1  2  3  4  5  6  7  8 |
---------------+-------------------------+-----
Conjurations   | 2 3 4 5 6 |  6.5
Spellcasting   | 4 5 6 7 8 |  8.4
Fire Magic     | 4 5 6 7 |  7.3
Transmutations | 1 3 |  3.0
Poison Magic   | 3 |  3.0
Dodging        | |  2.4
Stealth        | |  2.4

Action                   |  1- 3 |  4- 6 |  7- 9 || total
-------------------------+-------+-------+-------++-------
 Cast: Foxfire           |    94 |    64 |   102 ||   260
       Scorch            |       |    16 |    40 ||    56
       Conjure Flame     |       |     2 |     7 ||     9
       Passwall          |       |       |     1 ||     1
Evoke: Wand              |       |     1 |       ||     1
  Use: Scroll            |       |       |     8 ||     8
Armor: Robe              |     1 |     1 |    21 ||    23
       Skin              |       |     2 |       ||     2
Dodge: Dodged            |     5 |    19 |    55 ||    79
